Map: Gresvan LE

Players

ThrivingGG - Winner!

  • Race: Zerg Zerg
  • League: Master
  • Spawn Location: 5:00

Tugluk

  • Race: Protoss Protoss
  • League: Master
  • Spawn Location: 11:00

VOD

Have the link to the VOD?

Description

Time

  • Played on: March 8, 2023, 6:33 a.m.
  • Length: 8:26
Show
View Real Time Build Order
Export as new Build Order

ThrivingGG Zerg - Winner!

Build Orders: Hatch First 

Get SALT Encoding   

  12  0:00  Drone  
  13  0:12  Overlord  
  13  0:16  Drone  
  14  0:30  Drone x2  
  16  0:48  Hatchery  
  15  0:51  Drone  
  15  0:55  Drone  
  17  1:00  Drone  
  18  1:15  Extractor, Spawning Pool  
  18  1:16  Drone  
  17  1:20  Drone  
  18  1:27  Drone  
  19  1:43  Drone  
  20  1:54  Drone  
  21  2:02  Queen x2  
  25  2:09  Drone  
  25  2:13  Hatchery  
  25  2:18  Metabolic Boost  
  25  2:22  Drone  
  26  2:25  Drone  
  26  2:28  Drone  
  28  2:35  Overlord  
  28  2:49  Overlord  
  28  2:53  Queen, Drone x3  
  28  2:55  Drone  
  28  2:57  Drone  
  35  3:03  Spore Crawler  
  35  3:04  Zergling x2  
  35  3:10  Zergling x6  
  36  3:16  Drone x2  
  38  3:22  Drone  
  38  3:23  Drone x2  
  38  3:25  Overlord  
  42  3:27  Zergling x2  
  43  3:36  Drone x4  
  47  3:42  Lair  
  47  3:46  Drone x2  
  49  3:48  Drone  
  49  3:49  Drone  
  49  3:52  Spore Crawler  
  50  3:55  Spore Crawler  
  50  3:57  Drone  
  50  4:01  Queen  
  52  4:05  Extractor  
  52  4:08  Roach Warren  
  52  4:09  Drone  
  51  4:14  Drone  
  51  4:15  Drone x2  
  54  4:17  Drone  
  54  4:18  Drone  
  54  4:21  Overlord  
  56  4:27  Overlord x2  
  52  4:45  Drone x9  
  60  4:48  Glial Reconstitution  
  60  4:51  Extractor  
  59  5:00  Drone x3  
  59  5:04  Drone x3  
  59  5:05  Drone  
  66  5:09  Drone  
  66  5:10  Drone  
  68  5:14  Overlord  
  68  5:15  Drone x2  
  71  5:21  Roach  
  71  5:22  Zergling x2  
  71  5:25  Hatchery  
  71  5:30  Baneling Nest  
  71  5:33  Overlord  
  71  5:34  Roach x4  
  78  5:39  Roach  
  80  5:43  Overseer  
  80  5:51  Roach x2  
  80  5:53  Roach x2  
  88  5:59  Drone  
  88  6:00  Hydralisk Den  
  88  6:02  Drone  
  88  6:03  Extractor  
  88  6:04  Drone  
  89  6:08  Overseer  
  89  6:34  Overlord  
  89  6:35  Overlord x4  
  89  6:39  Muscular Augments  
  89  6:40  Hydralisk x3  
  95  6:52  Hydralisk x6  
  107  6:55  Zergling x2  
  107  6:56  Zergling x20  
  107  6:58  Queen  
  107  6:59  Queen  
  122  7:01  Queen  
  122  7:07  Hydralisk x2  
  128  7:10  Overlord x4  
  128  7:23  Baneling x4  
  128  7:27  Overlord x2  
  128  7:28  Hydralisk  
  130  7:30  Zergling x12  
  136  7:41  Hydralisk x3  
  142  7:46  Hydralisk  
  142  7:48  Overlord  
  142  7:49  Overlord, Hydralisk  
  142  7:51  Zergling x10  
  151  7:54  Overlord  
  151  7:57  Hydralisk  
Show
View Real Time Build Order
Export as new Build Order

Tugluk Protoss 

Build Orders: 1 Gate Expand, Oracle Opening, Zealot Archon 

Get SALT Encoding   

  12  0:00  Probe  
  13  0:14  Pylon  
  13  0:17  Probe (Chrono Boost)  
  14  0:27  Probe (Chrono Boost)  
  15  0:32  Probe (Chrono Boost)  
  16  0:38  Gateway  
  16  0:44  Probe  
  16  0:49  Pylon  
  17  0:56  Probe  
  17  0:57  Assimilator  
  18  1:08  Probe  
  19  1:20  Probe  
  20  1:27  Nexus  
  20  1:37  Cybernetics Core  
  20  1:40  Probe  
  21  1:48  Assimilator  
  21  1:52  Probe  
  22  1:56  Pylon  
  22  2:04  Probe  
  22  2:08  Assimilator  
  23  2:11  Adept (Chrono Boost)  
  23  2:15  Warp Gate  
  25  2:17  Probe  
  26  2:24  Assimilator  
  26  2:27  Assimilator  
  26  2:29  Probe  
  27  2:32  Adept (Chrono Boost)  
  29  2:40  Probe  
  29  2:42  Probe  
  30  2:52  Probe  
  30  2:56  Stargate  
  30  2:57  Probe  
  32  3:07  Adept (Chrono Boost)  
  32  3:09  Probe  
  35  3:17  Probe  
  34  3:22  Gateway  
  34  3:25  Probe  
  35  3:34  Probe (Chrono Boost)  
  36  3:37  Oracle (Chrono Boost)  
  36  3:38  Shield Battery  
  36  3:40  Probe (Chrono Boost)  
  40  3:45  Pylon  
  40  3:46  Probe (Chrono Boost)  
  41  3:54  Pylon, Probe x2 (Chrono Boost)  
  43  4:01  Probe  
  44  4:05  Probe  
  44  4:09  Assimilator  
  49  4:10  Void Ray (Chrono Boost)  
  49  4:12  Assimilator  
  49  4:13  Probe  
  50  4:19  Probe  
  51  4:26  Probe  
  51  4:29  Fleet Beacon  
  52  4:41  Probe  
  52  4:43  Probe  
  54  4:53  Probe  
  54  4:54  Twilight Council  
  54  4:55  Gateway, Probe  
  54  4:58  Gateway  
  56  5:02  Gateway  
  56  5:05  Probe  
  58  5:07  Probe  
  58  5:12  Pylon  
  58  5:19  Pylon, Probe (Chrono Boost)  
  59  5:23  Mothership (Chrono Boost)  
  59  5:25  Pylon  
  59  5:32  Charge  
  67  5:38  Pylon  
  67  5:40  Pylon  
  67  5:49  Gateway  
  67  5:51  Gateway  
  67  5:57  Gateway  
  67  5:59  Gateway  
  67  6:01  Templar Archives  
  67  6:09  Gateway  
  67  6:11  Zealot x2  
  67  6:17  Pylon  
  71  6:18  Pylon  
  71  6:45  Stalker x2  
  75  6:49  Zealot x3  
  75  6:50  Zealot x2  
  85  6:57  Stalker  
  85  6:58  Stalker  
  89  7:13  High Templar x2  
  89  7:14  High Templar x2  
  97  7:16  Pylon  
  97  7:17  Pylon, Zealot x4  
  97  7:18  Archon  
  97  7:19  Archon  
  105  7:30  Pylon  
  105  7:36  High Templar x2  
  109  7:37  Zealot x2  
  109  7:38  Zealot x2  
  109  7:40  Archon  
  117  7:47  Zealot  
  117  7:48  Zealot x3  
  125  7:51  Pylon  
Tags
 
Add a new tag
Caveats
  • Supply blocks, unpowered buildings, or Contaminate may cause inaccurate times.
  • Supply counts are checked every 10 seconds.